 Dungeon Crawl Stone Soup version 0.28-b1-25-g9875b3fc8c (webtiles) character file.

Game seed: 6386936152919936167

32445 tizbic2 the Spear-Bearer (level 13, -6/135 HPs)
             Began as an Ogre Ice Elementalist on Feb 2, 2022.
             Was a High Priest of Sif Muna.
             Mangled by a manticore (7 damage)
             ... on level 1 of the Shoals.
             The game lasted 02:01:13 (15017 turns).

tizbic2 the Spear-Bearer (Ogre Ice Elementalist)   Turns: 15017, Time: 02:01:13

Health: -6/135     AC: 19    Str: 26    XL:     13   Next: 64%
Magic:  35/35      EV: 13    Int: 18    God:    Sif Muna [*****.]
Gold:   865        SH:  0    Dex: 16    Spells: 3/30 levels left

rFire   + . .      SeeInvis .   r - +4 halberd (protect)
rCold   x . .      Faith    .   (shield currently unavailable)
rNeg    . . .      Spirit   .   J - +1 troll leather armour
rPois   .          Reflect  .   (helmet restricted)
rElec   .          Harm     .   D - +0 cloak
rCorr   .          Rampage  .   (gloves unavailable)
Will    +....                   (boots unavailable)
Stlth   +.........              (no amulet)
HPRegen 1.12/turn               A - +6 ring of strength
MPRegen 0.24/turn               d - ring of Entrepreneurial Spirit {Fire MP+9 Str+3 Dex+5 Stlth-}

@: confused, ice-armoured, ambrosia-drunk, under a protective aura, freezing
walls, flying, mesmerised, hasted, studying Maces & Flails, very quick
A: large, unfitting armour, tough skin 1, horns 1, thin skeletal structure 1
a: Renounce Religion, Channel Magic, Forget Spell, Divine Exegesis


You were on level 1 of the Shoals.
You worshipped Sif Muna.
Sif Muna was extremely pleased with you.
You visited 3 branches of the dungeon, and saw 16 of its levels.
You also visited: Ice Cave and Volcano.

You collected 870 gold pieces.
You donated 5 gold pieces to Zin.

Inventory:

Hand Weapons
 e - a +2 halberd of flaming
 r - a +4 halberd of protection (weapon)
 O - a +2 flail of holy wrath
Missiles
 y - 6 javelins
 I - a throwing net
 L - 2 curare-tipped darts
 Q - 14 large rocks (quivered)
 R - 9 poisoned darts
 U - 3 silver javelins
Armour
 m - +2 steam dragon scales
 D - a +0 cloak (worn)
 H - a scarf of invisibility
 J - a +1 troll leather armour (worn)
Magical Staves
 N - a staff of air
 X - a staff of earth
Jewellery
 c - a +6 ring of dexterity
 d - the ring of Entrepreneurial Spirit (right hand) {Fire MP+9 Str+3 Dex+5 Stlth-}
   (You found it on level 4 of the Dungeon)

   [ring of fire]

   It enhances your fire magic.
   Str:       It affects your strength (+3).
   Dex:       It affects your dexterity (+5).
   rF:        It protects you from fire.
   rC:        It makes you vulnerable to cold.
   MP:        It affects your magic capacity (+9).
   Stlth:     It makes you less stealthy.
 k - a ring of flight
 A - a +6 ring of strength (left hand)
 S - a ring of protection from fire
Wands
 l - a wand of polymorph (8)
 t - a wand of flame (15)
 z - a wand of paralysis (5)
 B - a wand of iceblast (9)
Scrolls
 b - 6 scrolls of teleportation
 u - 3 scrolls of fog
 v - 2 scrolls of magic mapping
 x - 2 scrolls of blinking
 C - a scroll of holy word
 E - 2 scrolls of amnesia
 T - a scroll of brand weapon
Potions
 a - a potion of berserk rage {unknown}
 f - a potion of degeneration {unknown}
 g - 2 potions of attraction {unknown}
 h - 2 potions of mutation
 i - 3 potions of haste
 j - a potion of resistance {unknown}
 o - a potion of invisibility {unknown}
 p - 2 potions of brilliance {unknown}
 s - 2 potions of might {unknown}
 w - a potion of lignification {unknown}
 F - a potion of heal wounds {unknown}
 K - a potion of flight
 M - 6 potions of ambrosia
Miscellaneous
 n - a lightning rod (4/4)
 G - a phantom mirror
 W - a phial of floods
 Y - a lightning rod (4/4)


   Skills:
 - Level 10.5 Fighting
 - Level 9.1 Maces & Flails
 * Level 11.5 Polearms
 - Level 7.4 Dodging
 - Level 1.4 Stealth
 + Level 9.3 Spellcasting
 - Level 6.0 Conjurations
 - Level 3.3 Hexes
 * Level 2.0 Summonings
 - Level 2.4 Necromancy
 - Level 7.0 Ice Magic
 + Level 0.2 Earth Magic
 - Level 6.8 Invocations
 - Level 1.9 Evocations


You had 3 spell levels left.
You knew the following spells:

 Your Spells              Type           Power      Damage    Failure   Level
a - Freeze                Ice            100%       1d11      1%          1
b - Frozen Ramparts       Ice            66%        1d8       1%          3
c - Ozocubu's Armour      Ice            33%        N/A       1%          3
d - Ensorcelled Hibernat  Hex/Ice        54%        N/A       1%          2
e - Vampiric Draining     Necr           17%        2d7       11%         3
f - Tukima's Dance        Hex            20%        N/A       8%          3
g - Anguish               Hex/Necr       9%         N/A       30%         4
h - Animate Armour        Summ/Erth      24%        N/A       52%         4
i - Hailstorm             Conj/Ice       31%        3d8       7%          4

Your spell library contained the following spells:

 Spells                   Type           Power      Damage    Failure   Level
 Slow                     Hex            80%        N/A       2%          1
 Static Discharge         Conj/Air       19%        N/A       4%          2
 Dazzling Flash           Conj/Hex       50%        N/A       4%          3
 Confusing Touch          Hex            20%        N/A       8%          3
 Portal Projectile        Hex/Tloc       28%        N/A       14%         3
 Spider Form              Tmut/Pois      8%         N/A       30%         3
 Iskenderun's Battlesphe  Conj           30%        2d8       22%         5
 Metabolic Englaciation   Hex/Ice        13%        N/A       32%         5
 Animate Dead             Necr           8%         N/A       34%         4
 Freezing Cloud           Conj/Ice/Air   12%        6-21      41%         5
 Lightning Bolt           Conj/Air       9%         1d22      61%         5
 Borgnjor's Vile Clutch   Necr/Erth      6%         N/A       83%         5
 Simulacrum               Ice/Necr       12%        N/A       91%         6
 Blade Hands              Tmut           4%         N/A       95%         5
 Death Channel            Necr           8%         N/A       99%         6
 Iron Shot                Conj/Erth      9%         9d3       99%         6
 Enfeeble                 Hex            10%        N/A       100%        7
 Spellforged Servitor     Conj/Summ      11%        N/A       100%        7
 Polar Vortex             Ice            16%        N/A       100%        9


Dungeon Overview and Level Annotations

Branches:
Dungeon (11/15)            Temple (0/1) D:6            Lair (4/6) D:11
 Shoals (1/4) Lair:4       Spider (0/4) Lair:3          Orc (0/2) D:9
  IceCv (visited)         Volcano (visited)

Altars:
Ashenzari
Makhleb
Okawaru
Ru
Sif Muna
Trog
Xom
Zin
The Shining One

Shops:
D:8 :


Innate Abilities, Weirdness & Mutations

You are too large for most types of armour.
You have tough skin. (AC +1)
You have a pair of small horns on your head.
You have a somewhat thin skeletal structure. (Dex +2, Stealth+)


Message History

Your icy armour and frozen ramparts will break if you move.
Continue?
Okay, then.
Your icy armour and frozen ramparts will break if you move.
Continue?
Okay, then.
The harpy screeches! x2
The harpy claws you!
* * * LOW HITPOINT WARNING * * *
The harpy barely misses you.
The harpy claws you but does no damage. x2
The wall freezes the harpy.
You kill the harpy!
Sif Muna accepts your kill.
Your Summonings skill increases to level 2!
Your icy armour and frozen ramparts will break if you move.
Continue?
Okay, then.
Your icy armour and frozen ramparts will break if you move.
Continue? [Y]es or [N]o only, please.
Your icy armour and frozen ramparts will break if you move.
Continue?
Okay, then.
The harpy screeches!
The merfolk siren chants its luring song.
The manticore bites you!
* * * LOW HITPOINT WARNING * * *
The manticore claws you.
* * * LOW HITPOINT WARNING * * *
The manticore misses you. The harpy closely misses you.
The harpy barely misses you.
The wall freezes the harpy.
The harpy claws you!
* * * LOW HITPOINT WARNING * * *
The harpy claws you.
* * * LOW HITPOINT WARNING * * *
It was a potion of flight.
You feel very buoyant.
You fly up into the air.
The harpy screeches! x2
The harpy claws you but does no damage. The harpy misses you.
The wall freezes the harpy.
The harpy claws you!
* * * LOW HITPOINT WARNING * * *
The harpy claws you but does no damage.
The merfolk siren chants its luring song.
The manticore bites you!
You die...

≈≈≈|≈......###.≈≈≈≈≈≈≈
≈≈.....###......≈≈≈≈≈≈≈≈
≈≈≈...# ##......≈≈≈≈≈≈m
≈≈≈≈... ##......≈≈≈≈≈≈≈≈
≈≈≈≈≈..##....≈≈..≈≈≈≈≈≈≈
≈≈≈≈≈≈...........≈≈≈≈≈≈≈
≈≈≈≈≈≈.....).....≈.≈≈≈≈≈
≈≈≈≈≈≈≈...###.......≈≈≈≈
≈≈≈≈≈≈≈...###...@H..≈≈≈≈
≈≈≈≈≈≈≈<.).#.≈..HH...≈≈≈
≈≈≈≈≈≈≈≈≈..≈≈≈....#..≈≈≈
≈≈≈≈≈≈≈≈.....≈≈......≈≈≈
≈≈≈≈≈≈≈≈.....≈≈.....≈≈≈≈
≈≈≈≈≈≈≈......≈......≈≈≈≈
≈≈≈≈≈≈≈..##(....##....≈≈
≈≈≈≈≈≈≈≈.##....## ###..
≈≈≈≈≈≈≈≈≈. ..≈..


You could see a manticore, a merfolk siren (mesmerising) and 2 harpies.

Vanquished Creatures
  A hydra (Lair:4)
  Erica (Lair:2)
  A catoblepas (Lair:4)
  A two-headed ogre (D:9)
  A tengu warrior (D:10)
  A hell knight (Volcano)
  A sun demon (Volcano)
  A harpy (Shoals:1)
  2 cyclopes (D:11)
  A manticore (D:11)
  4 elephants (Lair:2)
  2 molten gargoyles (Volcano)
  2 black mambas
  8 cane toads
  2 rime drakes (Lair:1)
  7 komodo dragons
  A queen bee (Lair:1)
  2 red devils (Volcano)
  2 trolls
  2 polar bears
  A hornet (D:11)
  11 blink frogs
  2 spriggans (Lair:2)
  Sigmund (D:4)
  5 culicivoras
  2 fire bats (Volcano)
  A wyvern (Lair:2)
  3 basilisks
  33 yaks
  A wraith (D:10)
  2 steam dragons (D:8)
  Menkaure (D:7)
  6 water moccasins
  4 orc warriors
  2 hell hounds (Volcano)
  A sky beast (D:5)
  2 black bears
  5 ogres
  9 wolves
  5 centaurs
  5 kobold brigands (D:9)
  Blork the orc (D:4)
  6 scorpions
  10 bullfrogs
  3 gnoll sergeants (D:9)
  33 killer bees
  2 howler monkeys (D:10)
  3 electric eels
  A bullfrog zombie (D:5)
  6 lava snakes (Volcano)
  4 centaur zombies
  3 hounds
  5 orc priests
  A jelly (D:8)
  A gnoll shaman (D:4)
  A bullfrog skeleton (D:5)
  An iguana (D:7)
  Ijyb (D:4)
  10 orc wizards
  2 killer bee zombies
  A howler monkey zombie (D:5)
  10 gnolls
  5 adders
  13 white imps
  2 worms
  3 dart slugs
  38 orcs
  6 ball pythons
  5 endoplasms
  4 giant cockroaches
  4 goblins
  6 hobgoblins
  17 jackals
  6 quokkas
  11 bats
  2 frilled lizards (D:1)
  11 kobolds
  2 rats (D:1)
385 creatures vanquished.

Vanquished Creatures (collateral kills)
  Grum (D:9)
1 creature vanquished.

Vanquished Creatures (others)
  A gnoll (D:8)
  16 fungi
  23 plants
40 creatures vanquished.

Grand Total: 426 creatures vanquished

Notes
Turn   | Place    | Note
-------+----------+-------------------------------------------
     0 | D:1      | tizbic2 the Ogre Ice Elementalist began the quest for the
                  | Orb.
     0 | D:1      | Reached XP level 1. HP: 16/16 MP: 3/3
   156 | D:1      | Reached skill level 1 in Fighting
   156 | D:1      | Reached XP level 2. HP: 13/27 MP: 0/5
   639 | D:1      | Found a faded altar of an unknown god.
   647 | D:1      | Prayed at the altar of an unknown god.
   647 | D:1      | Became a worshipper of Zin the Law-Giver
   647 | D:1      | Reached * piety under Zin
   763 | D:1      | Reached XP level 3. HP: 33/33 MP: 3/6
  1470 | D:2      | Learned a level 3 spell: Frozen Ramparts
  1474 | D:2      | Learned a level 3 spell: Ozocubu's Armour
  2104 | D:2      | Found a shimmering blue altar of Sif Muna.
  2137 | D:2      | Fell from the grace of Zin
  2137 | D:2      | Became a worshipper of Sif Muna the Loreminder
  2532 | D:3      | Reached skill level 1 in Polearms
  2532 | D:3      | Reached XP level 4. HP: 42/42 MP: 1/8
  2943 | D:4      | Noticed Blork the orc
  2957 | D:4      | Killed Blork the orc
  2958 | D:4      | Reached skill level 1 in Evocations
  2958 | D:4      | Reached XP level 5. HP: 10/49 MP: 3/9
  3217 | D:4      | Identified the ring of Entrepreneurial Spirit {Fire MP+9
                  | Str+3 Dex+5 Stlth-}
  3300 | D:4      | Noticed an ogre
  3304 | D:4      | Killed an ogre
  3305 | D:4      | Reached skill level 2 in Polearms
  3305 | D:4      | Reached XP level 6. HP: 57/59 MP: 10/10
  3389 | D:4      | Noticed Sigmund
  3394 | D:4      | Killed Sigmund
  3395 | D:4      | Reached skill level 3 in Polearms
  3395 | D:4      | Reached XP level 7. HP: 60/67 MP: 12/12
  3403 | D:4      | Found an iron altar of Okawaru.
  3489 | D:4      | Found a burning altar of Makhleb.
  3533 | D:4      | Reached skill level 5 in Ice Magic
  3562 | D:4      | Reached * piety under Sif Muna
  3924 | D:4      | Noticed Ijyb
  3930 | D:4      | Killed Ijyb
  3993 | D:5      | Entered Level 5 of the Dungeon
  4021 | D:5      | Reached skill level 1 in Invocations
  4507 | D:5      | Reached XP level 8. HP: 78/78 MP: 14/14
  4590 | D:5      | Found a bloodstained altar of Trog.
  4593 | D:5      | Found a broken altar of Ashenzari.
  4594 | D:5      | Found a shimmering blue altar of Sif Muna.
  4607 | D:5      | Found a glowing golden altar of the Shining One.
  4613 | D:5      | Reached skill level 4 in Polearms
  4873 | D:6      | Found a staircase to the Ecumenical Temple.
  4979 | D:6      | Reached ** piety under Sif Muna
  4999 | D:6      | Found a shimmering altar of Xom.
  5390 | D:6      | Reached skill level 5 in Polearms
  5756 | D:7      | Found a sacrificial altar of Ru.
  5817 | D:7      | Reached skill level 5 in Fighting
  5973 | D:7      | Reached skill level 5 in Spellcasting
  5973 | D:7      | Reached XP level 9. HP: 75/88 MP: 16/16
  6101 | D:7      | Noticed Menkaure
  6109 | D:7      | Killed Menkaure
  6618 | D:8      | Found Sahas's Book Emporium.
  6643 | D:8      | Reached skill level 6 in Polearms
  6769 | D:8      | Reached *** piety under Sif Muna
  6925 | D:8      | Reached skill level 1 in Maces & Flails
  7228 | D:9      | Gained mutation: You are partially covered in iridescent
                  | scales. (AC +2) [potion of mutation]
  7228 | D:9      | Gained mutation: Your movements are slightly less
                  | encumbered by armour. (ER -2) [potion of mutation]
  7228 | D:9      | Lost mutation: You are partially covered in iridescent
                  | scales. (AC +2) [potion of mutation]
  7228 | D:9      | Gained mutation: You expend magic power (3 MP) to
                  | strengthen your wands. [potion of mutation]
  7229 | D:9      | Lost mutation: You expend magic power (3 MP) to strengthen
                  | your wands. [potion of mutation]
  7229 | D:9      | Lost mutation: Your movements are slightly less encumbered
                  | by armour. (ER -2) [potion of mutation]
  7229 | D:9      | Gained mutation: You have a somewhat thin skeletal
                  | structure. (Dex +2, Stealth+) [potion of mutation]
  7229 | D:9      | Gained mutation: You have a pair of small horns on your
                  | head. [potion of mutation]
  7298 | D:9      | Reached XP level 10. HP: 100/100 MP: 19/19
  7306 | D:9      | Reached skill level 7 in Polearms
  7306 | D:9      | Reached skill level 5 in Dodging
  7337 | D:9      | Found a staircase to the Orcish Mines.
  7348 | D:9      | Reached skill level 5 in Invocations
  7657 | D:9      | Noticed a two-headed ogre
  7665 | D:9      | Killed a two-headed ogre
  7913 | D:9      | Noticed Grum
  7921 | D:9      | Reached skill level 5 in Maces & Flails
  7921 | D:9      | Killed Grum
  8074 | D:9      | Reached **** piety under Sif Muna
  8298 | D:10     | Entered Level 10 of the Dungeon
  8354 | D:10     | Noticed a tengu warrior
  8371 | D:10     | Killed a tengu warrior
  8372 | D:10     | Reached skill level 8 in Polearms
  8372 | D:10     | Reached XP level 11. HP: 36/109 MP: 21/21
  8615 | D:10     | Learned a level 2 spell: Ensorcelled Hibernation
  8633 | D:10     | Reached skill level 1 in Conjurations
  9206 | D:11     | Found a frozen archway.
  9302 | D:11     | Noticed a cyclops
  9306 | D:11     | Killed a cyclops
  9332 | D:11     | Found a staircase to the Lair.
  9373 | IceCv    | Entered an ice cave
  9516 | D:11     | Paralysed by a hornet for 2 turns
  9652 | D:11     | Noticed a manticore
  9654 | D:11     | Learned a level 3 spell: Vampiric Draining
 10231 | D:11     | Noticed a cyclops
 10261 | D:11     | Reached skill level 9 in Polearms
 10262 | D:11     | Killed a manticore
 10264 | D:11     | Killed a cyclops
 10468 | Lair:1   | Entered Level 1 of the Lair of Beasts
 10477 | Lair:1   | Reached ***** piety under Sif Muna
 10485 | Lair:1   | HP: 3/111 [poisoned by a cane toad]
 10490 | Lair:1   | Reached XP level 12. HP: 21/122 MP: 22/23
 11038 | Lair:1   | Reached skill level 1 in Summonings
 11146 | Lair:1   | Received a gift from Sif Muna
 11149 | Lair:1   | Got Sif Muna's Incunabulum of Enchantment {god gift}
 11580 | Lair:2   | Reached skill level 10 in Polearms
 11631 | Lair:2   | Noticed Erica
 11645 | Lair:2   | Killed Erica
 11646 | Lair:2   | Reached skill level 1 in Hexes
 11650 | Lair:2   | HP: 6/124 [komodo dragon (23)]
 11923 | Lair:2   | Reached skill level 5 in Conjurations
 11944 | Lair:2   | Reached XP level 13. HP: 133/133 MP: 22/25
 12136 | Lair:3   | Learned a level 3 spell: Tukima's Dance
 12368 | Lair:3   | Reached skill level 10 in Fighting
 12485 | Lair:3   | Reached skill level 11 in Polearms
 12516 | Lair:3   | Found a hole to the Spider Nest.
 13108 | Lair:3   | Reached skill level 1 in Necromancy
 13398 | Lair:4   | Found a dark tunnel.
 13435 | Volcano  | Entered a volcano
 13661 | Volcano  | Found a radiant altar of Vehumet.
 14003 | Volcano  | Received a gift from Sif Muna
 14004 | Volcano  | Got Sif Muna's Volume of Combat Magic {god gift}
 14528 | Lair:4   | Learned a level 4 spell: Anguish
 14566 | Lair:4   | Found a staircase to the Shoals.
 14661 | Lair:4   | Learned a level 4 spell: Animate Armour
 14955 | Shoals:1 | Entered Level 1 of the Shoals
 14977 | Shoals:1 | Learned a level 4 spell: Hailstorm
 15017 | Shoals:1 | HP: 1/135 [harpy (11)]
 15017 | Shoals:1 | Mangled by a manticore

Illustrated notes

Levels and vault maps discovered:
D:1:      onia_arrival_mini_spirals, layout_loops_corners,
          basic_ecumenical_altar
D:2:      layout_basic, basic_altar, minmay_pentomino_t2
D:3:      layout_rooms, chequers_jeans
D:4:      layout_basic, mainiacjoe_overflow_catwalk,
          mainiacjoe_overflow_alcove_2, uniq_ijyb, uniq_sigmund,
          uniq_blork_the_orc
D:5:      layout_gridville, nicolae_overflow_quartered_altars
D:6:      old_forge, layout_basic, lemuel_doored_altar, minmay_temple_entry_hall
D:7:      layout_cave_pools, nicolae_ru_great_annihilating_truth, uniq_menkaure
D:8:      minmay_evil_eye, layout_basic, serial_shops, nicolae_shop_statue_plus,
          chequers_serial_rivers_large_a, minmay_manual_mares
D:9:      layout_irregular_city, kennysheep_orc_monster_closet_entryway,
          uniq_grum
D:10:     layout_roguey
D:11:     layout_layer_cave, lair_entry_dummy, serial_ice, serial_ice_k,
          serial_ice_d, serial_ice_h, serial_ice_m, portal_ice_cave_entry_imps
Lair:1:   layout_roguey, special_room [special_room_bee]
Lair:2:   layout_big_grid, chequers_serial_rivers_large_b, forest_entry_grove,
          grunt_megastairs_4, uniq_erica
Lair:3:   layout_regular_city, hellmonk_spider_entry_life_and_decay,
          serial_bayou_shore_a, infiniplex_staircase_pool_2
Lair:4:   layout_cave_pods, shoals_dummy_entry, nicolae_volcano_entry_two_sided
Shoals:1: layout_shoals, nicolae_take_the_stairs

Skill      XL: |  1  2  3  4  5  6  7  8  9 10 11 12 13 |
---------------+----------------------------------------+-----
Fighting       | 1 2 3 5 6 7 8 9 10 | 10.5
Dodging        | 2 3 4 5 6 7 |  7.4
Ice Magic      | 4 5 6 7 |  7.0
Polearms       | 1 2 3 5 6 8 9 10 11 | 11.5
Spellcasting   | 3 4 5 6 7 8 9 |  9.3
Evocations     | 1 |  1.9
Invocations    | 2 3 4 5 6 |  6.8
Maces & Flails | 2 6 7 8 9 |  9.1
Conjurations   | 3 5 6 |  6.0
Summonings     | 1 2 |  2.0
Hexes          | 2 3 |  3.3
Necromancy     | 2 |  2.4
Stealth        | |  1.4
Earth Magic    | |  0.2

Action                   |  1- 3 |  4- 6 |  7- 9 | 10-12 | 13-15 || total
-------------------------+-------+-------+-------+-------+-------++-------
Melee: Short sword       |    32 |       |       |       |       ||    32
       Punch             |     2 |       |       |       |       ||     2
       Spear             |    92 |    35 |       |     8 |       ||   135
       Halberd           |       |     8 |   194 |   358 |   156 ||   716
       Headbutt          |       |       |     1 |    70 |    30 ||   101
       Staff             |       |       |       |       |    10 ||    10
Throw: Stone             |    30 |     6 |    21 |       |       ||    57
       Javelin           |       |       |     3 |     7 |       ||    10
       Dart              |       |       |       |     1 |     1 ||     2
       Boomerang         |       |       |       |     1 |       ||     1
       Large rock        |       |       |       |       |     6 ||     6
 Cast: Freeze            |    17 |     7 |    17 |    20 |    18 ||    79
       Frozen Ramparts   |     4 |     6 |    35 |    42 |    18 ||   105
       Ozocubu's Armour  |     2 |     1 |    25 |    37 |    17 ||    82
       Ensorcelled Hiber |       |       |       |    17 |     3 ||    20
       Vampiric Draining |       |       |       |       |     4 ||     4
       Hailstorm         |       |       |       |       |     1 ||     1
Evoke: Wand              |       |       |       |     2 |     1 ||     3
       Phantom mirror    |       |       |       |     1 |       ||     1
  Use: Scroll            |     1 |       |    13 |     4 |     4 ||    22
       Potion            |       |       |     2 |     5 |     5 ||    12
 Stab: Sleeping          |     4 |       |       |     8 |     4 ||    16
       Paralysed         |       |       |     2 |       |       ||     2
Armor: Robe              |    25 |    10 |   115 |       |       ||   150
       Steam dragon scal |       |       |    63 |    22 |       ||    85
       Troll leather arm |       |       |       |   273 |   115 ||   388
Dodge: Dodged            |    69 |    26 |   163 |   295 |   179 ||   732
